Map: Ley Lines

Players

Persassy - Winner!

  • Race: Protoss Protoss
  • League: Diamond
  • Spawn Location: 1:00

Jfoxy

  • Race: Zerg Zerg
  • League: Diamond
  • Spawn Location: 7:00

VOD

Have the link to the VOD?

Description

Time

  • Played on: Sept. 6, 2025, 9:27 p.m.
  • Length: 6:17
Show
View Real Time Build Order
Export as new Build Order

Persassy Protoss - Winner!

Build Orders:  

Get SALT Encoding   

  12  0:01  Probe  
  13  0:13  Probe  
  14  0:19  Pylon  
  14  0:22  Probe  
  15  0:33  Probe  
  15  0:41  Gateway  
  16  0:44  Probe  
  16  0:47  Assimilator  
  17  0:56  Probe  
  18  1:04  Probe  
  19  1:12  Probe  
  20  1:31  Cybernetics Core  
  20  1:35  Gateway  
  20  1:46  Nexus  
  20  1:52  Assimilator  
  20  1:58  Pylon  
  20  2:00  Probe  
  20  2:01  Adept  
  23  2:20  Probe  
  23  2:22  Warp Gate  
  24  2:27  Twilight Council  
  24  2:32  Probe  
  24  2:33  Stalker  
  27  2:48  Gateway  
  27  2:49  Probe  
  28  2:56  Shield Battery  
  28  2:58  Probe  
  28  3:01  Charge  
  29  3:08  Robotics Facility  
  29  3:16  Probe  
  30  3:20  Probe  
  31  3:28  Probe  
  31  3:32  Probe  
  33  3:40  Gateway  
  33  3:45  Gateway  
  33  3:48  Warp Prism  
  33  4:01  Gateway  
  35  4:05  Gateway  
  35  4:11  Gateway  
  35  4:14  Gateway  
  35  4:20  Gateway  
  35  4:22  Probe  
  36  4:25  Pylon  
  36  4:39  Pylon  
  36  4:40  Pylon  
  36  4:51  Zealot x3  
  36  4:52  Zealot  
  44  5:10  Zealot x4  
  44  5:11  Zealot x2  
  44  5:12  Zealot  
  54  5:20  Zealot x2  
  54  5:32  Zealot  
  54  5:33  Zealot x3  
  60  5:51  Zealot x4  
  60  5:52  Zealot  
  70  6:08  Zealot  
  68  6:13  Pylon  
  68  6:14  Pylon  
Show
View Real Time Build Order
Export as new Build Order

Jfoxy Zerg 

Build Orders: Pool First 

Get SALT Encoding   

  12  0:00  Drone  
  13  0:08  Drone  
  14  0:16  Overlord  
  14  0:22  Extractor  
  14  0:23  Drone  
  15  0:35  Drone x2  
  17  0:45  Spawning Pool  
  17  0:47  Drone  
  17  1:06  Hatchery  
  17  1:10  Drone  
  17  1:12  Drone  
  17  1:16  Extractor  
  17  1:20  Drone  
  18  1:32  Queen  
  20  1:33  Zergling x2  
  21  1:47  Overlord  
  21  1:50  Drone  
  22  2:07  Queen, Drone  
  25  2:10  Drone  
  26  2:21  Hatchery  
  25  2:26  Drone x2  
  27  2:31  Drone  
  27  2:34  Metabolic Boost  
  28  2:38  Drone  
  29  2:47  Drone x2  
  29  2:49  Drone x2  
  33  2:52  Overlord  
  33  3:01  Queen  
  33  3:03  Drone  
  36  3:10  Queen  
  38  3:16  Drone x2  
  38  3:17  Drone  
  38  3:19  Drone  
  42  3:29  Drone x2  
  42  3:30  Overlord  
  42  3:33  Queen  
  46  3:35  Drone  
  46  3:38  Drone x2  
  49  3:47  Spore Crawler  
  49  3:48  Spore Crawler  
  47  3:54  Drone x5  
  52  3:56  Extractor  
  52  3:57  Extractor  
  52  4:00  Overlord  
  52  4:01  Drone  
  51  4:04  Drone  
  52  4:24  Roach Warren  
  52  4:25  Evolution Chamber x2  
  52  4:26  Lair  
  49  4:32  Hatchery, Drone x3  
  49  4:35  Zergling x2  
  49  4:36  Zergling x2  
  53  4:43  Zergling x6  
  56  4:49  Zergling x8  
  60  4:54  Spore Crawler  
  60  4:55  Zergling x4  
  61  5:05  Zergling x10  
  65  5:13  Zergling x8  
  63  5:25  Roach  
  63  5:26  Roach x2  
  63  5:27  Overlord  
  57  5:35  Roach  
  57  5:36  Roach x2  
  55  5:43  Extractor  
  55  5:44  Extractor  
  55  5:45  Roach  
  55  5:46  Roach x2  
  59  5:54  Roach  
  59  5:55  Roach x2  
Tags
 
Matchup
PvZ
Opening
Pool First
Spawn Locations
Cross Positions
Add a new tag
Caveats
  • Supply blocks, unpowered buildings, or Contaminate may cause inaccurate times.
  • Supply counts are checked every 10 seconds.